3323 views
Uploaded 2020-04-25 13:20:38
Game version 1.32.3
17:42 long 2on2 ladder game on (4)FurbolgMountain
Saved by zebroni
3323 views
Uploaded 2020-04-25 13:20:38
Game version 1.32.3
17:42 long 2on2 ladder game on (4)FurbolgMountain
69 units @ 11.4k
/ 1.3k
24 buildings @ 3.9k
/ 1.5k


| Healing Salve | 1 | 100 |
| Lesser Clarity Potion | 3 | 210 |
| Potion of Invisibility | 1 | 100 |
| Potion of Lesser Invulnerability | 1 | 150 |
| total: | 6 | 560g |
| Peon | 10 | 750 | / | 0 |
| Grunt | 12 | 2400 | / | 0 |
| Wind Rider | 7 | 1855 | / | 280 |
| Tauren | 2 | 560 | / | 160 |
| Spirit Walker | 1 | 195 | / | 35 |
| Troll Headhunter | 3 | 420 | / | 60 |
| total: | 35 | 6180g | / | 535w |
| Altar of Storms | 1 | 180 | / | 50 |
| Orc Burrow | 6 | 960 | / | 240 |
| Barracks | 1 | 180 | / | 50 |
| Voodoo Lounge | 1 | 130 | / | 30 |
| War Mill | 1 | 205 | / | 0 |
| Beastiary | 1 | 145 | / | 140 |
| Tauren Totem | 1 | 135 | / | 155 |
| Stronghold | 1 | 315 | / | 190 |
| Fortress | 1 | 325 | / | 190 |
| total: | 12 | 1935g | / | 665w |
| 0:03 | Peon |
| 0:03 | Peon |
| 0:07 | Altar of Storms |
| 0:11 | Orc Burrow |
| 0:14 | Peon |
| 0:36 | Peon |
| 0:36 | Peon |
| 0:45 | Peon |
| 1:00 | Peon |
| 1:00 | Peon |
| 1:00 | Peon |
| 1:00 | Peon |
| 1:48 | Stronghold |
| 2:02 | Barracks |
| 2:10 | Feral Spirit |
| 2:14 | Orc Burrow |
| 3:16 | Grunt |
| 3:16 | Grunt |
| 4:25 | Grunt |
| 4:31 | Orc Burrow |
| 4:38 | Beastiary |
| 4:47 | Voodoo Lounge |
| 4:51 | Grunt |
| 5:17 | Grunt |
| 5:37 | Orc Burrow |
| 5:50 | Grunt |
| 5:55 | Healing Salve |
| 5:56 | Lesser Clarity Potion |
| 6:36 | Healing Wave |
| 6:42 | Chain Lighting |
| 6:44 | Wind Rider |
| 6:44 | Wind Rider |
| 6:46 | Wind Rider |
| 7:02 | Orc Burrow |
| 7:38 | Wind Rider |
| 7:46 | Berserker Strength |
| 7:51 | War Mill |
| 8:34 | Hex |
| 8:43 | Wind Rider |
| 9:01 | Orc Burrow |
| 9:03 | Steel Ranged Weapons |
| 9:21 | Feral Spirit |
| 9:33 | Wind Rider |
| 9:33 | Wind Rider |
| 10:11 | Healing Wave |
| 11:08 | Grunt |
| 11:08 | Grunt |
| 11:08 | Grunt |
| 11:11 | Chain Lighting |
| 11:23 | Fortress |
| 11:48 | Potion of Invisibility |
| 11:49 | Potion of Lesser Invulnerability |
| 12:09 | Steel Armor |
| 12:19 | Tauren Totem |
| 12:24 | Grunt |
| 12:57 | Hex |
| 13:10 | Grunt |
| 13:10 | Grunt |
| 14:03 | Tauren |
| 14:05 | Spirit Walker |
| 14:49 | Troll Headhunter |
| 15:20 | Tauren |
| 15:39 | Lesser Clarity Potion |
| 15:39 | Lesser Clarity Potion |
| 15:42 | Troll Headhunter |
| 15:42 | Troll Headhunter |


| Lesser Clarity Potion | 2 | 140 |
| Moonstone | 1 | 50 |
| Potion of Mana | 1 | 200 |
| Staff of Preservation | 1 | 150 |
| Potion of Healing | 1 | 150 |
| Scroll of Town Portal | 1 | 350 |
| total: | 7 | 1040g |
| Wisp | 13 | 780 | / | 0 |
| Huntress | 10 | 1950 | / | 200 |
| Archer | 6 | 780 | / | 60 |
| Mountain Giant | 5 | 1750 | / | 500 |
| total: | 34 | 5260g | / | 760w |
| Altar of Elders | 1 | 180 | / | 50 |
| Moon Well | 5 | 900 | / | 200 |
| Ancient of War | 2 | 300 | / | 120 |
| Hunter's Hall | 1 | 210 | / | 100 |
| Ancient of Wonders | 1 | 90 | / | 30 |
| Ancient of Lore | 2 | 310 | / | 290 |
| Tree of Ages | 1 | 320 | / | 180 |
| Tree of Eternity | 1 | 330 | / | 200 |
| total: | 12 | 1990g | / | 790w |
| 0:05 | Wisp |
| 0:05 | Wisp |
| 0:11 | Altar of Elders |
| 0:20 | Moon Well |
| 0:28 | Wisp |
| 0:35 | Wisp |
| 0:35 | Wisp |
| 0:48 | Wisp |
| 0:48 | Wisp |
| 1:16 | Wisp |
| 1:16 | Wisp |
| 1:23 | Wisp |
| 1:23 | Wisp |
| 1:38 | Wisp |
| 1:56 | Ancient of War |
| 2:01 | Hunter's Hall |
| 2:12 | Moon Well |
| 2:18 | Entangling Roots |
| 2:21 | Wisp |
| 2:33 | Ancient of War |
| 3:03 | Huntress |
| 3:13 | Huntress |
| 3:19 | Ultravision |
| 3:36 | Moon Well |
| 4:01 | Huntress |
| 4:16 | Huntress |
| 4:36 | Huntress |
| 4:56 | Huntress |
| 5:22 | Huntress |
| 5:40 | Moon Well |
| 6:02 | Tree of Ages |
| 6:22 | Huntress |
| 6:47 | Ancient of Wonders |
| 7:01 | Huntress |
| 7:06 | Strength of the Wild |
| 7:11 | Strength of the Moon |
| 7:19 | Force of Nature |
| 7:19 | Force of Nature |
| 8:04 | Huntress |
| 8:28 | Improved Bows |
| 8:28 | Moon Glaive |
| 8:45 | Moon Well |
| 9:10 | Lesser Clarity Potion |
| 9:11 | Moonstone |
| 9:14 | Scroll of Town Portal |
| 9:23 | Archer |
| 9:23 | Archer |
| 9:57 | Archer |
| 10:04 | Force of Nature |
| 10:16 | Archer |
| 10:52 | Tree of Eternity |
| 11:43 | Healing Spray |
| 12:08 | Ancient of Lore |
| 12:26 | Improved Strength of the Moon |
| 12:30 | Archer |
| 12:49 | Entangling Roots |
| 13:01 | Archer |
| 13:58 | Acid Bomb |
| 14:50 | Hardened Skin |
| 14:50 | Resistant Skin |
| 14:52 | Ancient of Lore |
| 15:08 | Well Spring |
| 15:56 | Mountain Giant |
| 16:16 | Potion of Mana |
| 16:17 | Lesser Clarity Potion |
| 16:20 | Staff of Preservation |
| 16:20 | Potion of Healing |
| 16:43 | Mountain Giant |
| 16:43 | Mountain Giant |
| 17:05 | Mountain Giant |
| 17:05 | Mountain Giant |
61 units @ 8.8k
/ 1.7k
32 buildings @ 4.1k
/ 1.3k


| Potion of Healing | 2 | 300 |
| Staff of Preservation | 1 | 150 |
| Lesser Clarity Potion | 1 | 70 |
| Orb of Venom | 1 | 325 |
| Dust of Appearance | 1 | 75 |
| Scroll of Town Portal | 2 | 700 |
| Boots of Speed | 1 | 250 |
| total: | 9 | 1870g |
| Wisp | 13 | 780 | / | 0 |
| Dryad | 9 | 1305 | / | 540 |
| Druid of the Claw | 5 | 1275 | / | 400 |
| total: | 27 | 3360g | / | 940w |
| Altar of Elders | 2 | 360 | / | 100 |
| Moon Well | 7 | 1260 | / | 280 |
| Hunter's Hall | 1 | 210 | / | 100 |
| Ancient of Wonders | 2 | 180 | / | 60 |
| Ancient of Lore | 2 | 310 | / | 290 |
| Tree of Ages | 1 | 320 | / | 180 |
| Tree of Eternity | 1 | 330 | / | 200 |
| total: | 14 | 2320g | / | 830w |
| 0:01 | Wisp |
| 0:01 | Wisp |
| 0:01 | Wisp |
| 0:04 | Altar of Elders |
| 0:07 | Altar of Elders |
| 0:16 | Moon Well |
| 0:18 | Wisp |
| 0:22 | Wisp |
| 0:47 | Wisp |
| 0:47 | Wisp |
| 0:54 | Wisp |
| 0:54 | Wisp |
| 0:59 | Wisp |
| 0:59 | Wisp |
| 2:05 | Mana Burn |
| 2:11 | Moon Well |
| 2:24 | Tree of Ages |
| 2:50 | Moon Well |
| 3:01 | Hunter's Hall |
| 3:48 | Moon Well |
| 4:03 | Ultravision |
| 4:05 | Ancient of Wonders |
| 4:21 | Boots of Speed |
| 4:21 | Dust of Appearance |
| 4:51 | Frost Arrows |
| 4:55 | Ancient of Lore |
| 4:56 | Ancient of Lore |
| 4:57 | Wisp |
| 4:57 | Wisp |
| 5:55 | Tree of Eternity |
| 6:10 | Dryad |
| 6:10 | Dryad |
| 6:11 | Abolish Magic |
| 6:36 | Dryad |
| 7:02 | Scroll of Town Portal |
| 7:02 | Potion of Healing |
| 7:20 | Evasion |
| 7:31 | Staff of Preservation |
| 7:41 | Forked Lightning |
| 7:44 | Dryad |
| 7:52 | Moon Well |
| 8:52 | Dryad |
| 8:54 | Druid of the Claw Adept Training |
| 8:59 | Ancient of Wonders |
| 9:07 | Strength of the Wild |
| 9:49 | Mana Burn |
| 9:50 | Forked Lightning |
| 9:52 | Dryad |
| 10:12 | Dryad |
| 10:28 | Dryad |
| 10:54 | Dryad |
| 11:20 | Lesser Clarity Potion |
| 11:33 | Druid of the Claw Master Training |
| 11:47 | Orb of Venom |
| 11:55 | Druid of the Claw |
| 12:16 | Druid of the Claw |
| 12:29 | Evasion |
| 12:37 | Reinforced Hides |
| 12:45 | Mark of the Claw |
| 12:56 | Scroll of Town Portal |
| 13:13 | Potion of Healing |
| 14:17 | Druid of the Claw |
| 14:31 | Druid of the Claw |
| 14:48 | Frost Arrows |
| 15:35 | Druid of the Claw |
| 16:22 | Improved Reinforced Hides |
| 16:24 | Moon Well |
| 16:24 | Moon Well |
| 17:37 | Mana Burn |
| 17:38 | Forked Lightning |


| Peasant | 11 | 825 | / | 0 |
| Footman | 6 | 810 | / | 0 |
| Rifleman | 8 | 1640 | / | 240 |
| Knight | 9 | 2205 | / | 540 |
| total: | 34 | 5480g | / | 780w |
| Scout Tower | 3 | 90 | / | 60 |
| Arcane Tower | 2 | 140 | / | 100 |
| Guard Tower | 1 | 70 | / | 50 |
| Barracks | 2 | 320 | / | 120 |
| Altar of Kings | 1 | 180 | / | 50 |
| Farm | 8 | 640 | / | 160 |
| Lumber Mill | 1 | 120 | / | 0 |
| Arcane Vault | 2 | 260 | / | 60 |
| Blacksmith | 1 | 140 | / | 60 |
| Keep | 1 | 320 | / | 210 |
| Castle | 1 | 360 | / | 210 |
| total: | 18 | 1750g | / | 510w |
| 0:05 | Peasant |
| 0:05 | Peasant |
| 0:10 | Barracks |
| 0:16 | Altar of Kings |
| 0:20 | Farm |
| 0:32 | Peasant |
| 0:51 | Peasant |
| 1:03 | Farm |
| 1:09 | Peasant |
| 1:14 | Footman |
| 1:24 | Footman |
| 1:37 | Scout Tower |
| 1:48 | Farm |
| 1:53 | Footman |
| 2:08 | Arcane Tower |
| 2:18 | Holy Light |
| 3:00 | Peasant |
| 3:01 | Peasant |
| 3:01 | Peasant |
| 3:01 | Peasant |
| 3:21 | Footman |
| 3:21 | Footman |
| 3:29 | Footman |
| 3:43 | Scout Tower |
| 4:00 | Lumber Mill |
| 4:30 | Guard Tower |
| 4:34 | Scout Tower |
| 4:52 | Arcane Tower |
| 5:01 | Farm |
| 5:14 | Keep |
| 5:49 | Divine Shield |
| 6:03 | Farm |
| 6:08 | Arcane Vault |
| 6:16 | Blacksmith |
| 6:47 | Farm |
| 7:08 | Rifleman |
| 7:28 | Rifleman |
| 8:29 | Rifleman |
| 8:52 | Castle |
| 9:27 | Summon Water Elemental |
| 10:05 | Holy Light |
| 10:34 | Rifleman |
| 10:38 | Barracks |
| 11:10 | Rifleman |
| 11:31 | Improved Masonry |
| 11:34 | Peasant |
| 11:34 | Peasant |
| 11:47 | Rifleman |
| 11:47 | Rifleman |
| 11:50 | Rifleman |
| 11:52 | Knight |
| 11:57 | Farm |
| 12:38 | Knight |
| 12:51 | Knight |
| 13:49 | Brilliance Aura |
| 13:52 | Knight |
| 14:14 | Knight |
| 14:38 | Knight |
| 14:56 | Animal War Training |
| 15:55 | Devotion Aura |
| 16:12 | Knight |
| 16:13 | Knight |
| 16:17 | Farm |
| 16:18 | Iron Forged Swords |
| 17:16 | Brilliance Aura |
| 17:37 | Knight |
| 17:40 | Arcane Vault |